 Dungeon Crawl Stone Soup version 0.31-a0-321-g19405a7a6a (webtiles) character file.

Game seed: 16923321874016822697

15502 Pooter the Severer (level 12, -2/165 HPs)
             Began as a Minotaur Berserker on July 17, 2023.
             Was a Believer of Trog.
             Slain by a blink frog (12 damage)
             ... on level 2 of the Lair of Beasts on July 18, 2023.
             The game lasted 00:52:03 (13929 turns).

Pooter the Severer (Minotaur Berserker)            Turns: 13929, Time: 00:52:04

Health: -2/165     AC: 12    Str: 28    XL:     12   Next: 1%
Magic:  5/11       EV: 14    Int:  4    God:    Trog [**....]
Gold:   680        SH:  5    Dex:  9    Spells: 11/11 levels left

rFire   + . .        a - +3 battleaxe (heavy)
rCold   . . .        (shield currently unavailable)
rNeg    . . .        d - +0 chain mail
rPois   .            p - +0 hat
rElec   .            H - +0 cloak
rCorr   .            g - +0 pair of gloves
SInv    .            c - +0 pair of boots
Will    ++...        o - amulet of reflection Stlth
                     F - ring of protection from fire
HPRegen 1.47/turn    K - +5 ring of evasion
MPRegen 0.12/turn

%: reflection
@: berserking, strong-willed (expiring), regenerating (expiring), very quick
A: horns 2, retaliatory headbutt
a: Renounce Religion, Berserk, Trog's Hand


You were on level 2 of the Lair of Beasts.
You worshipped Trog.
Trog was pleased with you.
You visited 2 branches of the dungeon, and saw 12 of its levels.

You collected 680 gold pieces.

Inventory:

Hand Weapons
 a - a +3 heavy battleaxe (weapon)
   (You took it off a wight on level 8 of the Dungeon)
 b - a +1 antimagic orcbow
   (You took it off a centaur on level 6 of the Dungeon)
 B - a +0 trident
   (You took it off a wight on level 7 of the Dungeon)
 P - a +0 heavy battleaxe
   (You took it off a wight on level 7 of the Dungeon)
Missiles
 l - a silver boomerang
 q - 4 atropa-tipped darts
 s - 10 poisoned darts
 w - 2 throwing nets {!f}
 y - 2 boomerangs
 E - 6 boomerangs of dispersal {!f}
 M - 5 curare-tipped darts
 Q - 72 stones (quivered)
Armour
 c - a +0 pair of boots (worn)
   (You found it on level 1 of the Dungeon)
 d - a +0 chain mail (worn)
   (You found it on level 1 of the Dungeon)
 g - a +0 pair of gloves (worn)
   (You found it on level 7 of the Dungeon)
 p - a +0 hat (worn)
   (You found it on level 8 of the Dungeon)
 H - a +0 cloak (worn)
   (You found it on level 8 of the Dungeon)
 U - the +6 chain mail of Weirdness {rF+++ Regen+ Int-5 Stlth-}
   (You found it on level 1 of the Lair of Beasts)

   Int:       It affects your intelligence (-5).
   rF:        It renders you almost immune to fire.
   Regen:     It increases your rate of health regeneration.
   Stlth:     It makes you less stealthy.
 W - a +0 plate armour
   (You found it on level 2 of the Lair of Beasts)
Jewellery
 o - an amulet of reflection (around neck)
   (You found it on level 2 of the Dungeon)
 C - a ring of resist corrosion
   (You found it on level 1 of the Lair of Beasts)
 F - a ring of protection from fire (left hand)
   (You found it on level 5 of the Dungeon)
 G - an amulet of guardian spirit
   (You found it on level 4 of the Dungeon)
 K - a +5 ring of evasion (right hand)
   (You found it on level 8 of the Dungeon)
 S - a +6 ring of intelligence
   (You took it off a wight on level 8 of the Dungeon)
Wands
 f - a wand of flame (54)
   (You took it off Ijyb on level 3 of the Dungeon)
 u - a wand of paralysis (25)
   (You found it on level 3 of the Dungeon)
 x - a wand of acid (10)
   (You took it off Maurice on level 8 of the Dungeon)
 D - a wand of digging (7)
   (You found it on level 8 of the Dungeon)
 I - a wand of polymorph (9)
   (You took it off a meliai on level 8 of the Dungeon)
 V - a wand of mindburst (7)
   (You found it on level 1 of the Lair of Beasts)
Scrolls
 e - a scroll of noise {!r}
 h - 2 scrolls of blinking
 i - a scroll of silence
 j - a scroll of vulnerability {!r}
 k - a scroll of revelation
 t - 3 scrolls of teleportation {@r4}
 A - a scroll of immolation {!r}
Potions
 m - 2 potions of might
 n - 2 potions of mutation {!q}
 r - 3 potions of curing {@q1}
 v - a potion of attraction {unknown}
 z - a potion of magic {unknown}
 J - a potion of haste {unknown}
 L - 3 potions of lignification {!q}
 N - a potion of degeneration {unknown}
 O - a potion of ambrosia {unknown}
 R - 2 potions of heal wounds {@q2}
 T - a potion of enlightenment {unknown}


   Skills:
 + Level 11.1 Fighting
 * Level 15.1 Axes
 * Level 13.5 Ranged Weapons
 - Level 2.4 Armour
 - Level 2.1 Dodging


You had 11 spell levels left.
You didn't know any spells.
Your spell library was empty.

Dungeon Overview and Level Annotations

Branches:
Dungeon (10/15) Zot: 26110  Temple (0/1) D:6            Lair (2/5) D:9 Zot: 8751
  Snake (0/4) Lair:2
  Swamp: Lair:2-3    Shoals: Lair:2-3       Orc: D:9-12

Altars:
Ashenzari
Cheibriados
Elyvilon
Gozag
Makhleb
Nemelex Xobeh
Okawaru
Sif Muna
Trog
Uskayaw
Vehumet
Xom
Yredelemnul
The Shining One

Shops:
D:1 :   D:3 *

Annotations:
D:2 1 runed translucent door, Crazy Yiuf


Innate Abilities, Weirdness & Mutations

You have a pair of horns on your head.
You reflexively headbutt those who attack you in melee.


Message History

You have reached level 12!
You feel stronger.
Okay, then.
You are too injured to fight recklessly!
You are too injured to fight recklessly!
You slash the blink frog!
You feel very sick. The blink frog completely misses you.
The blink frog blinks!
You block the blink frog's attack. The blink frog closely misses you.
You slash the blink frog! Your headbutt misses the blink frog.
You miss the blink frog.
You feel very sick. The blink frog hits you.
* * * LOW HITPOINT WARNING * * *
The blink frog blinks!
You block the blink frog's attack. The blink frog completely misses you.
The blink frog misses you.
As you read the scroll of teleportation {@r4}, it crumbles to dust.
You feel strangely unstable.
You feel sick. The blink frog closely misses you.
The blink frog completely misses you. You furiously retaliate!
You headbutt the blink frog!
You kill the blink frog!
Trog accepts your kill.
The blink frog blinks!
You closely miss the blink frog. Your headbutt misses the blink frog.
You feel very sick. The blink frog hits you!
* * * LOW HITPOINT WARNING * * *
The blink frog hits you!
* * * LOW HITPOINT WARNING * * *
You slice the blink frog!! Your headbutt misses the blink frog.
Your surroundings seem slightly different.
You feel sick.
The blink frog blinks!
Unknown command.
You barely miss the blink frog. Your headbutt misses the blink frog.
You feel sick. The blink frog hits you!
* * * LOW HITPOINT WARNING * * *
The blink frog closely misses you.
A red film seems to cover your vision as you go berserk!
You feel yourself moving faster!
You feel mighty!
You feel sick.
The blink frog blinks!
The blink frog hits you!
* * * LOW HITPOINT WARNING * * *
You slash the blink frog!
You feel the effects of Trog's Hand fading.
You feel sick. You block the blink frog's attack.
Unknown command.
You closely miss the blink frog.
You feel sick.
You are no longer poisoned.
The blink frog hits you but does no damage.
The blink frog hits you!
You die...

#......#### .#
..........# #.#
#.........# ..##
........# ####...#
..P....# #.....#
#.....########.....###
###.....#.#.#....#...###
# ##...##....###.#.#..P#
## ###.....### #@F..#
.## #...### ##.F..##..
..#####..#### #........P
.###P##..P#.# #.........
.#.........#####........
###..........# #........
##...........# ##.......
###..........## .......
#............# .......


You could see 2 blink frogs.

Vanquished Creatures
  A catoblepas (Lair:2)
  A two-headed ogre (D:10)
  2 boulder beetles (D:8)
  Pikel (D:5)
  Maurice (D:8)
  2 black mambas
  4 cane toads
  An unseen horror (D:10)
  A hornet (D:8)
  A meliai (D:8)
  5 blink frogs (Lair:2)
  2 wraiths
  A shadow (D:10)
  19 yaks
  A basilisk (Lair:2)
  3 steam dragons
  6 water moccasins
  3 nagas (Lair:2)
  An ice beast (D:6)
  4 black bears
  2 orc warriors
  An ogre (D:5)
  4 wolves (Lair:1)
  5 centaurs
  A lemure (D:5)
  2 phantoms
  12 bullfrogs
  A gnoll sergeant (D:8)
  2 scorpions (D:4)
  12 wights
  A killer bee (D:8)
  A jelly (D:4)
  3 hounds
  5 orc priests
  2 gnoll boudas
  Ijyb (D:3)
  An iguana (D:5)
  7 orc wizards
  Natasha (thrice) (D:2)
  Terence (D:2)
  A centaur simulacrum (D:8)
  3 hound zombies (D:3)
  Robin (D:2)
  10 gnolls
  3 adders
  3 white imps
  A worm (D:2)
  7 dart slugs
  18 orcs
  7 bats
  7 endoplasms
  2 giant cockroaches (D:2)
  12 goblins
  3 hobgoblins
  2 kobolds (D:1)
  4 quokkas
  2 ball pythons (D:1)
  4 frilled lizards
  A quokka zombie (D:3)
  A rat (D:1)
219 creatures vanquished.

Vanquished Creatures (collateral kills)
  A black mamba (Lair:1)
1 creature vanquished.

Vanquished Creatures (others)
  2 orc wizards (D:10)
2 creatures vanquished.

Grand Total: 222 creatures vanquished

Notes
Turn   | Place    | Note
-------+----------+-------------------------------------------
     0 | D:1      | Pooter the Minotaur Berserker began the quest for the Orb.
     0 | D:1      | Reached XP level 1. HP: 19/19 MP: 0/0
   194 | D:1      | Reached skill level 1 in Ranged Weapons
   194 | D:1      | Reached XP level 2. HP: 27/27 MP: 1/1
   296 | D:1      | Reached skill level 4 in Axes
   486 | D:1      | Found Xumoroani's Vocational Training.
   738 | D:2      | Reached ** piety under Trog
   773 | D:2      | Noticed Natasha
   777 | D:2      | Killed Natasha
   778 | D:2      | Reached XP level 3. HP: 33/33 MP: 2/2
   870 | D:2      | Noticed Robin
   879 | D:2      | Killed Robin
   880 | D:2      | Reached XP level 4. HP: 40/40 MP: 3/3
  1082 | D:2      | Noticed Natasha
  1097 | D:2      | Killed Natasha
  1098 | D:2      | Reached skill level 5 in Axes
  1192 | D:2      | Noticed Natasha
  1205 | D:2      | Killed Natasha
  1390 | D:2      | Reached XP level 5. HP: 47/47 MP: 4/4
  1391 | D:2      | Found a faded altar of an unknown god.
  1414 | D:2      | Noticed Terence
  1419 | D:2      | Killed Terence
  1520 | D:2      | Found a runed translucent door.
  1521 | D:2      | Noticed Crazy Yiuf
  2012 | D:3      | Found a basalt altar of Yredelemnul.
  2064 | D:3      | Found Gozag's Platinum Reserve.
  2064 | D:3      | Found an opulent altar of Gozag.
  2239 | D:3      | Noticed Ijyb
  2245 | D:3      | Killed Ijyb
  2497 | D:4      | Reached skill level 6 in Axes
  2497 | D:4      | Reached XP level 6. HP: 55/55 MP: 5/5
  2557 | D:4      | Reached skill level 5 in Fighting
  2649 | D:4      | Found a bloodstained altar of Trog.
  3027 | D:4      | Found a glowing golden altar of the Shining One.
  3419 | D:4      | Found a hide-covered altar of Uskayaw.
  3564 | D:5      | Entered Level 5 of the Dungeon
  3720 | D:5      | Reached XP level 7. HP: 60/61 MP: 6/6
  3735 | D:5      | Reached skill level 5 in Ranged Weapons
  3792 | D:5      | Reached skill level 7 in Axes
  4124 | D:5      | Found a sparkling altar of Nemelex Xobeh.
  4531 | D:5      | Noticed Pikel
  4536 | D:5      | Killed Pikel
  4537 | D:5      | Reached skill level 8 in Axes
  4537 | D:5      | Reached XP level 8. HP: 71/71 MP: 7/7
  4955 | D:6      | Reached skill level 9 in Axes
  5196 | D:6      | Reached XP level 9. HP: 79/79 MP: 3/8
  5207 | D:6      | Reached skill level 10 in Axes
  5359 | D:6      | Found a staircase to the Ecumenical Temple.
  6115 | D:7      | Found a white marble altar of Elyvilon.
  6303 | D:7      | Reached skill level 11 in Axes
  7021 | D:8      | Found a broken altar of Ashenzari.
  7357 | D:8      | Reached *** piety under Trog
  7480 | D:8      | Noticed a meliai
  7481 | D:8      | Reached XP level 10. HP: 90/90 MP: 2/9
  7482 | D:8      | Reached skill level 10 in Ranged Weapons
  7503 | D:8      | Noticed a boulder beetle
  7552 | D:8      | Killed a boulder beetle
  7553 | D:8      | Reached skill level 12 in Axes
  7594 | D:8      | Paralysed by a hornet for 2 turns
  7631 | D:8      | Noticed Maurice
  7636 | D:8      | Killed Maurice
  8196 | D:8      | Found a burning altar of Makhleb.
  8196 | D:8      | Noticed a cacodemon
  8323 | D:8      | Found a radiant altar of Vehumet.
  8399 | D:8      | Found a snail-covered altar of Cheibriados.
  8545 | D:8      | Noticed a boulder beetle
  8558 | D:8      | Killed a boulder beetle
  8646 | D:9      | Reached skill level 13 in Axes
  9375 | D:9      | Reached XP level 11. HP: 99/99 MP: 5/10
  9797 | D:9      | Found a staircase to the Lair.
  9849 | D:10     | Entered Level 10 of the Dungeon
  9863 | D:10     | Noticed a two-headed ogre
  9867 | D:10     | Killed a two-headed ogre
  9868 | D:10     | Reached skill level 10 in Fighting
 10068 | D:10     | Found a shimmering blue altar of Sif Muna.
 10220 | D:10     | Found an iron altar of Okawaru.
 10508 | D:10     | Found a shimmering altar of Xom.
 10716 | Lair:1   | Entered Level 1 of the Lair of Beasts
 10944 | Lair:1   | Reached skill level 14 in Axes
 11077 | Lair:1   | HP: 5/101 [poisoned by a cane toad]
 11081 | Lair:1   | HP: 2/101 [poisoned by a cane toad]
 11591 | Lair:1   | Identified the +6 chain mail of Weirdness {rF+++ Regen+
                  | Int-5 Stlth-}
 13311 | Lair:2   | Identified the +1 robe of Narcissism {rPois}
 13717 | Lair:2   | Found a staircase to the Snake Pit.
 13852 | Lair:2   | Noticed a catoblepas
 13859 | Lair:2   | Killed a catoblepas
 13860 | Lair:2   | Reached skill level 15 in Axes
 13921 | Lair:2   | Reached XP level 12. HP: 61/110 MP: 4/11
 13929 | Lair:2   | Slain by a blink frog

Illustrated notes

Levels and vault maps discovered:
D:1:      onia_arrival_pentagram, layout_basic, nicolae_shop_vocational
D:2:      layout_basic, hellmonk_ecumenical_altar_zigzags, uniq_robin,
          uniq_crazy_yiuf_cottage, uniq_terence, uniq_natasha
D:3:      layout_rooms, nicolae_yredelemnul_corpse_copse,
          nicolae_gozag_zags_fifth_avenue, serial_bayou_pond_e,
          chequers_serial_rivers_small_b, uniq_ijyb
D:4:      layout_loops_corners, eat_drink_and_be_merry_uskayaw, tso_metal_star,
          marbit_many_paths, minmay_small_thing
D:5:      layout_cave_pods, kennysheep_mini, serial_glass, glass_columns_a,
          glass_columns_c, uniq_pikel
D:6:      layout_basic, minmay_temple_entry_hall
D:7:      layout_loops_ring, mainiacjoe_overflow_small_starburst
D:8:      layout_loops_ring, makhleb_altar_promises_db, pf_just_have_faith,
          nicolae_ashenzari_skybound, vehumet_crystals, minmay_splitting_lines,
          nicolae_zen_rock_garden, nicolae_doodle_vault, uniq_maurice
D:9:      layout_loops_corners, grunt_lair_entry_orc_guard_hut,
          nicolae_twisty_statue_hallways
D:10:     layout_roguey, led_sif_book, mainiacjoe_overflow_alcove_4,
          kennysheep_mini_moat, grunt_decor_clamped, minmay_liquid_box
Lair:1:   layout_regular_city, nicolae_lair_grove_arrangements,
          grunt_forest_small_clearings
Lair:2:   layout_cave_pods, nicolae_swamp_entry_spooky,
          nicolae_snake_entry_squirm

Skill      XL: |  1  2  3  4  5  6  7  8  9 10 11 |
---------------+----------------------------------+-----
Ranged Weapons | 1 2 3 4 6 8 9 11 13 | 13.5
Axes           | 4 5 6 8 9 11 13 15 | 15.1
Fighting       | 4 5 6 7 8 9 11 | 11.1
Armour         | |  2.4
Dodging        | |  2.1

Action                     |  1- 3 |  4- 6 |  7- 9 | 10-12 || total
---------------------------+-------+-------+-------+-------++-------
  Melee: Hand axe          |    58 |    75 |       |       ||   133
         Headbutt          |     5 |    13 |    27 |    34 ||    79
         War axe           |       |    12 |   105 |       ||   117
         Battleaxe         |       |       |    36 |   164 ||   200
         Unarmed           |       |       |       |    26 ||    26
   Fire: Sling             |       |    35 |       |       ||    35
         Shortbow          |       |    14 |       |       ||    14
         Orcbow            |       |     6 |    94 |    78 ||   178
  Throw: Stone             |     9 |       |       |       ||     9
 Invoke: Berserk           |     1 |     5 |     8 |     8 ||    22
         Trog's Hand       |       |     1 |     5 |    12 ||    18
  Evoke: Wand              |       |     1 |       |     5 ||     6
    Use: Scroll            |       |     6 |     6 |    12 ||    24
   Stab: Paralysed         |       |       |       |     1 ||     1
 Armour: Chain mail        |    20 |    57 |    59 |    75 ||   211
         Skin              |       |       |       |    13 ||    13
  Dodge: Dodged            |    26 |    38 |    80 |   208 ||   352
  Block: Other             |       |    24 |    32 |    53 ||   109
         Reflection        |       |     1 |     2 |       ||     3

Table legend: (Time is in decaauts)
 A = Elapsed time spent in this place.
 B = Non-inter-level travel time spent in this place.
 C = Inter-level travel time spent in this place.
 D = Time resting spent in this place.
 E = Time spent auto-exploring this place.
 F = Levels seen in this place.
 G = Mean time per level.
                   A        B        C        D        E       F      G
               +--------+--------+--------+--------+--------+-----+--------+
         Total |  14242 |  13931 |    311 |   3255 |   8040 |  12 | 1186.8 |
       Dungeon |  10995 |  10685 |    310 |   2545 |   6433 |  10 | 1099.5 |
          Lair |   3247 |   3247 |      0 |    710 |   1607 |   2 | 1623.5 |
               +--------+--------+--------+--------+--------+-----+--------+

Top non-repeatable levels by time:
  Lair:1: 1984 daAuts
     D:8: 1667 daAuts
     D:7: 1286 daAuts
     D:9: 1280 daAuts
  Lair:2: 1262 daAuts
     D:5: 1222 daAuts
     D:2: 1217 daAuts
     D:4: 1084 daAuts
     D:6: 1027 daAuts
    D:10: 873 daAuts
     D:1: 687 daAuts
     D:3: 648 daAuts
